Map: Goldenaura LE

Players

llllllllllll - Winner!

  • Race: Terran Terran
  • League: Master
  • Spawn Location: 12:00

IIIIIIIIIIII

  • Race: Zerg Zerg
  • League: Grandmaster
  • Spawn Location: 5:00

VOD

Have the link to the VOD?

Description

Time

  • Played on: Dec. 13, 2023, 11:03 a.m.
  • Length: 8:12
Show
View Real Time Build Order
Export as new Build Order

llllllllllll Terran - Winner!

Build Orders: Reaper Expand, Hellion Banshee 

Get SALT Encoding   

  12  0:00  SCV  
  13  0:12  SCV  
  14  0:17  Supply Depot  
  14  0:24  SCV  
  15  0:39  SCV  
  15  0:41  Barracks  
  16  0:44  Refinery  
  16  0:51  SCV  
  17  1:03  SCV  
  18  1:15  SCV  
  19  1:29  Orbital Command, Reaper  
  20  1:40  Command Center  
  20  1:50  Supply Depot  
  20  1:55  SCV  
  21  2:01  Marine  
  21  2:07  SCV  
  23  2:13  Factory  
  23  2:19  SCV  
  23  2:21  Barracks Reactor, Refinery  
  24  2:31  SCV  
  25  2:43  SCV  
  26  2:53  Orbital Command  
  26  2:55  SCV  
  27  3:02  Starport  
  27  3:06  Barracks Tech Lab, Hellion x2  
  27  3:07  SCV  
  32  3:13  Supply Depot  
  32  3:18  SCV  
  34  3:20  SCV  
  34  3:27  Hellion  
  34  3:28  Hellion  
  34  3:30  SCV  
  34  3:32  SCV  
  40  3:43  SCV  
  40  3:44  SCV  
  40  3:45  Banshee, Cloaking Field  
  40  3:48  Barracks Tech Lab  
  45  3:51  Supply Depot  
  45  3:55  SCV  
  46  3:56  Hellion x2  
  46  3:57  SCV  
  51  4:07  SCV  
  51  4:08  Stimpack  
  51  4:09  SCV  
  53  4:19  SCV  
  53  4:24  Command Center, SCV  
  55  4:30  Banshee  
  58  4:31  SCV  
  58  4:32  Supply Depot  
  58  4:36  SCV  
  60  4:43  SCV  
  60  4:44  Factory Reactor  
  60  4:45  Barracks  
  61  4:47  Barracks  
  61  4:48  SCV  
  62  4:55  SCV, Engineering Bay  
  62  4:56  Engineering Bay  
  63  5:00  SCV  
  63  5:02  Supply Depot  
  64  5:08  SCV  
  64  5:12  SCV, Refinery x2  
  66  5:20  SCV  
  67  5:24  Terran Infantry Weapons Level 1, Terran Infantry Armor Level 1, SCV  
  67  5:25  Supply Depot  
  67  5:28  Marine  
  69  5:29  Starport Reactor  
  69  5:32  SCV  
  69  5:33  Siege Tank  
  69  5:35  Marine  
  75  5:36  SCV  
  77  5:43  Marine  
  77  5:44  SCV  
  77  5:45  Orbital Command  
  77  5:48  Supply Depot, Marine x3  
  77  5:49  SCV  
  81  5:52  Marine  
  81  5:56  SCV  
  83  6:01  Marine  
  84  6:04  SCV  
  84  6:05  Supply Depot  
  84  6:06  Marine x2  
  84  6:08  SCV  
  84  6:09  Orbital Command, Combat Shield  
  84  6:11  Medivac x2  
  92  6:12  Barracks  
  92  6:14  Barracks  
  92  6:15  Marine  
  92  6:17  SCV  
  92  6:18  Marine  
  95  6:20  Siege Tank, SCV  
  99  6:27  Supply Depot  
  99  6:28  Marine x2  
  99  6:29  SCV  
  99  6:32  SCV, Marine  
  104  6:35  SCV  
  104  6:36  Marine  
  106  6:41  SCV  
  106  6:42  Supply Depot, Marine  
  106  6:43  Supply Depot  
  106  6:46  Medivac  
  106  6:47  Marine x2  
  110  6:49  Marine  
  110  6:52  SCV x2  
  110  6:53  Refinery  
  110  6:54  Marine  
  115  6:58  Armory  
  115  6:59  SCV  
  117  7:01  Barracks Reactor x2  
  117  7:04  SCV  
  117  7:06  Marine x2  
  124  7:08  Siege Tank  
  124  7:09  SCV  
  124  7:16  Marine  
  124  7:18  Marine  
  124  7:19  SCV  
  124  7:21  Marine  
  118  7:32  Marine  
  118  7:34  Marine  
  118  7:36  SCV x2  
  122  7:38  Marine  
  122  7:39  Barracks  
  122  7:40  Command Center  
  122  7:41  Barracks x2, Factory, SCV, Marine  
  120  7:48  Supply Depot, SCV  
Show
View Real Time Build Order
Export as new Build Order

IIIIIIIIIIII Zerg 

Build Orders: Hatch First 

Get SALT Encoding   

  12  0:00  Drone  
  13  0:12  Overlord  
  13  0:16  Drone  
  14  0:30  Drone x2  
  16  0:48  Hatchery  
  15  0:50  Drone  
  15  0:53  Drone  
  17  0:57  Drone  
  18  1:08  Extractor  
  17  1:13  Spawning Pool  
  17  1:16  Drone  
  17  1:20  Drone  
  18  1:27  Drone  
  19  1:38  Drone  
  20  1:49  Drone  
  21  2:00  Queen x2  
  25  2:01  Zergling x2  
  25  2:02  Zergling x2  
  27  2:11  Overlord  
  27  2:12  Drone  
  28  2:25  Hatchery  
  28  2:26  Drone  
  28  2:29  Drone  
  29  2:32  Metabolic Boost  
  29  2:35  Drone  
  30  2:45  Drone x2  
  30  2:48  Queen  
  34  2:53  Overlord  
  34  2:56  Drone x2  
  36  3:11  Queen  
  36  3:12  Drone  
  39  3:14  Drone x2  
  39  3:16  Overlord  
  39  3:17  Drone  
  39  3:18  Drone  
  43  3:26  Drone  
  44  3:34  Drone, Queen  
  44  3:39  Zergling x4  
  44  3:40  Zergling x2  
  44  3:41  Zergling x2  
  51  3:42  Zergling x2  
  51  3:43  Drone  
  51  3:44  Queen  
  51  3:47  Drone  
  51  3:48  Drone x2  
  58  4:01  Overlord  
  58  4:03  Overlord  
  58  4:09  Overlord x2  
  58  4:19  Queen x2  
  58  4:22  Queen  
  58  4:24  Drone x8  
  65  4:28  Drone  
  74  4:31  Drone x2  
  74  4:33  Drone x3  
  74  4:35  Drone  
  79  4:42  Drone  
  79  4:43  Drone  
  81  4:48  Overlord  
  81  4:52  Overlord  
  81  4:53  Drone x5  
  81  4:54  Spore Crawler  
  81  4:55  Drone, Spore Crawler  
  81  4:58  Lair  
  85  5:00  Spore Crawler  
  85  5:05  Baneling Nest  
  82  5:10  Drone  
  82  5:20  Burrow  
  81  5:22  Drone x6  
  81  5:23  Extractor  
  81  5:24  Drone, Extractor  
  81  5:28  Drone x2  
  88  5:30  Drone x2, Hatchery  
  88  5:31  Drone x2  
  88  5:32  Drone  
  92  5:36  Extractor  
  92  5:38  Extractor, Evolution Chamber  
  92  5:41  Zergling x2  
  92  5:42  Zergling x4  
  92  5:45  Drone  
  92  5:47  Spore Crawler  
  92  5:49  Extractor  
  91  5:50  Drone x2  
  91  5:51  Drone x2  
  94  6:00  Overseer  
  94  6:02  Drone x4  
  94  6:03  Drone x2  
  100  6:04  Overseer  
  100  6:05  Drone  
  100  6:06  Drone  
  100  6:10  Drone  
  103  6:12  Drone  
  104  6:22  Centrifugal Hooks  
  104  6:27  Evolution Chamber  
  104  6:28  Evolution Chamber  
  102  6:33  Zergling x8  
  102  6:35  Overlord x5  
  106  6:40  Hatchery  
  106  6:46  Zergling x2  
  106  6:47  Zergling x6  
  109  6:49  Zergling x6  
  109  6:53  Baneling x2  
  112  6:59  Drone x4  
  116  7:03  Zergling x4  
  116  7:05  Baneling x9  
  116  7:07  Zergling x4  
  120  7:10  Zergling x6  
  123  7:17  Zergling x2  
  123  7:18  Zergling x12  
  109  7:31  Zergling x20  
  98  7:52  Zergling x22  
Tags
 
Add a new tag
Caveats
  • Supply blocks, unpowered buildings, or Contaminate may cause inaccurate times.
  • Supply counts are checked every 10 seconds.